[ PARTIDA AOE2 · #504945291 ]
UnrankedEtíopes vs Dravidians
Equipo del jugador · VICT
Equipo rival · DERR
[ ANÁLISIS DE REPETICIÓN · EXTRAÍDO DE LA PARTIDA GRABADA ]
Feudal
12:56
Castillos
25:14
Imperial
32:33
| APM promedio | 34.3 |
| APM pico | 87 |
| eAPM promedio | 21.6 |
| Aldeanos / militares | 144 / 246 |
Foco
⚔️ 33.6% · 🌾 66.4%
Scout Cavalry ×108 · Camel Scout ×49 · Scorpion ×29 · Petard ×21 · Monk ×17 · Archer ×9
Feudal
15:05
Castillos
27:05
Imperial
33:23
| APM promedio | 41.2 |
| APM pico | 64 |
| eAPM promedio | 27.1 |
| Aldeanos / militares | 107 / 169 |
Foco
⚔️ 25.5% · 🌾 74.5%
Spearman ×43 · Battle Elephant ×37 · Scout Cavalry ×32 · Militia ×22 · Bombard Cannon ×12 · Scorpion ×8
Mapa de la partida
Recursos iniciales + cada clic de construcción. Líneas = muros · curvas = relieve. ◆ oro · ⬟ piedra · ● bayas · ✦ reliquia · ◌ hueco del cierre
Tu base· ✓ Cerrada en 25:14 · 11t muro · sin puerta
Base de AlenForce· ✓ Cerrada en 27:05 · 26t muro · 2 puerta(s)
Terreno inicial suavizado · ◌ = hueco del cierre detectado · pasá el cursor para detalles
Inputs por minuto
— Banana Latte - - AlenForce
Build order — Banana Latte
Primeras 150 de 514 acciones detectadas
| 0:01 | Crear | Villager (Male) |
| 0:01 | Crear | Villager (Male) ×3 |
| 0:03 | Construir | House |
| 0:05 | Construir | House |
| 1:32 | Crear | Villager (Male) |
| 2:03 | Crear | Villager (Male) |
| 2:29 | Crear | Villager (Male) |
| 2:54 | Crear | Villager (Male) |
| 3:20 | Construir | Barracks |
| 3:25 | Crear | Villager (Male) |
| 3:43 | Crear | Villager (Male) |
| 4:04 | Investigar | Loom |
| 4:25 | Crear | Villager (Male) |
| 4:40 | Construir | House |
| 4:53 | Crear | Villager (Male) |
| 5:09 | Crear | Militia |
| 5:10 | Crear | Militia |
| 5:36 | Crear | Villager (Male) |
| 5:37 | Crear | Villager (Male) |
| 5:44 | Construir | House |
| 6:08 | Crear | Villager (Male) |
| 6:10 | Crear | Militia |
| 6:17 | Construir | House |
| 6:44 | Crear | Villager (Male) |
| 6:45 | Crear | Militia |
| 7:18 | Crear | Villager (Male) |
| 7:24 | Crear | Villager (Male) |
| 7:37 | Crear | Militia |
| 7:37 | Crear | Militia |
| 7:41 | Crear | Villager (Male) |
| 7:52 | Construir | Lumber Camp |
| 8:11 | Crear | Villager (Male) |
| 8:30 | Crear | Villager (Male) |
| 8:49 | Construir | Mill |
| 8:51 | Crear | Villager (Male) |
| 8:55 | Construir | House |
| 9:05 | Crear | Villager (Male) |
| 9:36 | Crear | Villager (Male) |
| 9:54 | Construir | Mining Camp |
| 9:58 | Crear | Villager (Male) |
| 10:31 | Construir | Dock |
| 10:46 | Investigar | Feudal Age |
| 10:52 | Construir | House |
| 11:11 | Crear | Fishing Ship |
| 11:53 | Crear | Fishing Ship |
| 12:12 | Construir | House |
| 12:14 | Construir | House |
| 12:31 | Crear | Villager (Male) |
| 12:39 | Construir | House |
| 12:41 | Construir | House |
| 12:56 | Edad | Edad Feudal |
| 12:56 | Investigar | Man-at-Arms (upgrade) |
| 12:58 | Crear | Villager (Male) |
| 13:01 | Construir | Archery Range |
| 13:15 | Construir | House |
| 13:36 | Crear | Archer |
| 13:36 | Crear | Archer |
| 13:37 | Crear | Archer |
| 13:45 | Crear | Fishing Ship |
| 13:53 | Crear | Villager (Male) |
| 13:54 | Crear | Archer |
| 13:54 | Crear | Archer |
| 14:04 | Investigar | Double-Bit Axe |
| 14:19 | Crear | Villager (Male) |
| 14:38 | Crear | Archer |
| 14:44 | Crear | Villager (Male) |
| 14:57 | Crear | Villager (Male) |
| 15:10 | Construir | Farm |
| 15:11 | Construir | Farm |
| 15:11 | Construir | Farm |
| 15:11 | Construir | Farm |
| 15:11 | Construir | Farm |
| 15:11 | Construir | Farm |
| 15:11 | Construir | Farm |
| 15:12 | Construir | Farm |
| 15:29 | Construir | Watch Tower |
| 15:34 | Construir | Lumber Camp |
| 15:35 | Crear | Villager (Male) |
| 15:49 | Crear | Villager (Male) |
| 16:18 | Crear | Archer |
| 16:35 | Crear | Villager (Male) |
| 16:36 | Crear | Villager (Male) |
| 16:39 | Construir | Market |
| 16:44 | Construir | Blacksmith |
| 16:46 | Construir | House |
| 16:48 | Construir | Palisade Wall |
| 17:11 | Crear | Archer |
| 17:42 | Crear | Villager (Male) |
| 17:43 | Crear | Villager (Male) |
| 17:46 | Construir | Farm |
| 17:48 | Construir | Farm |
| 17:49 | Crear | Fishing Ship |
| 17:50 | Crear | Fishing Ship |
| 18:23 | Crear | Villager (Male) |
| 18:53 | Crear | Villager (Male) |
| 18:55 | Crear | Archer |
| 18:58 | Investigar | Fletching |
| 18:58 | Investigar | Padded Archer Armor |
| 19:06 | Crear | Fishing Ship |
| 19:07 | Crear | Fishing Ship |
| 19:08 | Construir | Fish Trap |
| 19:09 | Construir | Fish Trap |
| 19:11 | Construir | Fish Trap |
| 19:13 | Construir | Fish Trap |
| 19:18 | Construir | Fish Trap |
| 19:20 | Crear | Villager (Male) |
| 19:28 | Crear | Villager (Male) |
| 19:42 | Crear | Villager (Male) |
| 19:47 | Crear | Fishing Ship |
| 19:51 | Construir | Fish Trap |
| 19:54 | Construir | Farm |
| 20:26 | Construir | Farm |
| 20:33 | Crear | Villager (Male) |
| 20:34 | Crear | Fishing Ship |
| 20:37 | Construir | Fish Trap |
| 20:55 | Construir | Farm |
| 20:56 | Crear | Villager (Male) |
| 21:15 | Construir | Farm |
| 21:18 | Investigar | Padded Archer Armor |
| 21:21 | Construir | Fish Trap |
| 21:24 | Construir | House |
| 21:25 | Construir | House |
| 21:26 | Construir | House |
| 21:28 | Investigar | Horse Collar |
| 21:42 | Construir | Farm |
| 21:44 | Crear | Villager (Male) |
| 21:49 | Construir | Lumber Camp |
| 22:01 | Construir | Fish Trap |
| 22:09 | Crear | Villager (Male) |
| 22:26 | Construir | Farm |
| 22:27 | Investigar | Castle Age |
| 22:41 | Construir | Mining Camp |
| 23:08 | Investigar | Tech 906 |
| 23:18 | Construir | Stone Wall |
| 23:24 | Construir | Fish Trap |
| 25:13 | Crear | Villager (Male) |
| 25:14 | Edad | Edad de los Castillos |
| 25:20 | Investigar | Bow Saw |
| 25:27 | Investigar | Crossbowman (upgrade) |
| 25:29 | Crear | Villager (Male) |
| 26:03 | Construir | Castle |
| 26:25 | Crear | Villager (Male) |
| 26:25 | Crear | Villager (Male) |
| 26:30 | Investigar | Bodkin Arrow |
| 26:30 | Investigar | Leather Archer Armor |
| 26:38 | Construir | Castle |
| 27:02 | Crear | Villager (Male) |
| 27:04 | Investigar | Long Swordsman (upgrade) |
| 27:05 | Investigar | Squires |
| 27:15 | Investigar | Forging |
Build order — AlenForce
Primeras 150 de 448 acciones detectadas
| 0:02 | Crear | Villager (Male) |
| 0:02 | Crear | Villager (Male) |
| 0:02 | Crear | Villager (Male) |
| 0:22 | Crear | Villager (Male) |
| 0:22 | Crear | Villager (Male) |
| 0:29 | Construir | House |
| 0:34 | Investigar | Loom |
| 0:46 | Crear | Villager (Male) |
| 0:46 | Crear | Villager (Male) |
| 0:46 | Crear | Villager (Male) |
| 0:47 | Crear | Villager (Male) |
| 1:24 | Construir | House |
| 1:41 | Construir | Palisade Wall |
| 2:08 | Crear | Villager (Male) |
| 2:09 | Crear | Villager (Male) |
| 2:32 | Construir | Palisade Wall |
| 2:53 | Construir | Palisade Wall |
| 2:56 | Crear | Villager (Male) |
| 2:56 | Crear | Villager (Male) |
| 3:12 | Construir | House |
| 3:14 | Crear | Villager (Male) |
| 3:14 | Crear | Villager (Male) |
| 3:37 | Crear | Villager (Male) |
| 3:38 | Crear | Villager (Male) |
| 3:46 | Construir | Lumber Camp |
| 3:55 | Crear | Villager (Male) |
| 3:55 | Crear | Villager (Male) |
| 4:42 | Crear | Villager (Male) |
| 4:42 | Crear | Villager (Male) |
| 5:02 | Crear | Villager (Male) |
| 5:02 | Crear | Villager (Male) |
| 5:39 | Crear | Villager (Male) |
| 5:40 | Crear | Villager (Male) |
| 5:49 | Crear | Villager (Male) |
| 5:50 | Crear | Villager (Male) |
| 6:35 | Crear | Villager (Male) |
| 6:45 | Construir | Barracks |
| 6:55 | Crear | Villager (Male) |
| 7:10 | Construir | House |
| 7:10 | Construir | House |
| 7:22 | Crear | Villager (Male) |
| 7:33 | Crear | Villager (Male) |
| 7:36 | Crear | Villager (Male) |
| 7:47 | Crear | Militia |
| 7:47 | Crear | Militia |
| 7:47 | Crear | Militia |
| 8:13 | Crear | Militia |
| 8:17 | Construir | House |
| 8:37 | Construir | House |
| 9:07 | Construir | House |
| 9:16 | Construir | House |
| 9:51 | Construir | Mill |
| 9:54 | Crear | Villager (Male) |
| 10:27 | Construir | House |
| 10:36 | Construir | Palisade Wall |
| 10:37 | Construir | Palisade Wall |
| 10:40 | Construir | Palisade Wall |
| 10:44 | Crear | Militia |
| 10:44 | Crear | Militia |
| 10:52 | Crear | Villager (Male) |
| 10:53 | Crear | Villager (Male) |
| 11:02 | Construir | Mill |
| 11:10 | Construir | Palisade Wall |
| 11:23 | Crear | Militia |
| 11:24 | Crear | Militia |
| 11:51 | Crear | Militia |
| 12:55 | Investigar | Feudal Age |
| 12:56 | Investigar | Feudal Age |
| 13:07 | Construir | Mining Camp |
| 13:35 | Construir | Lumber Camp |
| 13:56 | Construir | House |
| 14:25 | Crear | Militia |
| 14:25 | Crear | Militia |
| 14:25 | Crear | Militia |
| 14:38 | Construir | House |
| 15:05 | Edad | Edad Feudal |
| 15:08 | Crear | Villager (Male) |
| 15:08 | Crear | Villager (Male) |
| 15:19 | Investigar | Man-at-Arms (upgrade) |
| 15:28 | Construir | Blacksmith |
| 15:31 | Investigar | Horse Collar |
| 15:40 | Crear | Militia |
| 15:48 | Construir | Palisade Wall |
| 15:54 | Investigar | Forging |
| 16:04 | Construir | Farm |
| 16:28 | Crear | Villager (Male) |
| 16:39 | Construir | Farm |
| 16:46 | Crear | Militia |
| 16:46 | Crear | Militia |
| 16:46 | Crear | Militia |
| 16:47 | Crear | Militia |
| 17:26 | Crear | Militia |
| 17:44 | Crear | Villager (Male) |
| 17:48 | Construir | Lumber Camp |
| 17:57 | Construir | Watch Tower |
| 18:05 | Investigar | Scale Mail Armor |
| 18:05 | Investigar | Scale Mail Armor |
| 18:21 | Construir | Palisade Wall |
| 18:52 | Construir | Stone Wall |
| 18:57 | Construir | Farm |
| 18:59 | Construir | Farm |
| 19:00 | Construir | Farm |
| 19:01 | Construir | Farm |
| 19:04 | Investigar | Double-Bit Axe |
| 19:04 | Investigar | Double-Bit Axe |
| 19:18 | Construir | Stone Wall |
| 19:32 | Construir | Farm |
| 19:40 | Crear | Militia |
| 19:40 | Crear | Militia |
| 19:40 | Crear | Militia |
| 19:40 | Crear | Militia |
| 20:05 | Construir | Stone Wall |
| 20:15 | Construir | Farm |
| 20:16 | Crear | Villager (Male) |
| 20:26 | Construir | Market |
| 20:46 | Construir | Gate |
| 20:52 | Construir | Stone Wall |
| 20:59 | Construir | Farm |
| 20:59 | Crear | Villager (Male) |
| 21:07 | Investigar | Wheelbarrow |
| 21:25 | Crear | Villager (Male) |
| 21:30 | Construir | Mining Camp |
| 21:33 | Construir | Farm |
| 21:33 | Crear | Villager (Male) |
| 22:11 | Construir | Stone Wall |
| 22:14 | Crear | Villager (Male) |
| 22:20 | Construir | House |
| 22:21 | Construir | House |
| 22:33 | Construir | Stone Wall |
| 22:38 | Construir | Stone Wall |
| 22:45 | Crear | Villager (Male) |
| 23:03 | Construir | Gate |
| 23:06 | Crear | Villager (Male) |
| 23:08 | Construir | Farm |
| 23:16 | Investigar | Stone Mining |
| 23:16 | Investigar | Stone Mining |
| 23:34 | Construir | Farm |
| 23:36 | Crear | Villager (Male) |
| 23:49 | Crear | Villager (Male) |
| 24:05 | Construir | Farm |
| 24:22 | Construir | House |
| 24:25 | Investigar | Castle Age |
| 24:26 | Investigar | Castle Age |
| 24:47 | Construir | Farm |
| 24:53 | Construir | House |
| 25:10 | Investigar | Gold Mining |
| 27:05 | Crear | Villager (Male) |
| 27:05 | Edad | Edad de los Castillos |
| 27:07 | Crear | Villager (Male) |
| 27:14 | Construir | Town Center |
Cronología de la partida
| 1:41 | AlenForce · wall_segment Palisade Wall x1 |
| 2:32 | AlenForce · wall_segment Palisade Wall x4 |
| 2:53 | AlenForce · wall_segment Palisade Wall x3 |
| 3:20 | Banana Latte · first_building Barracks |
| 6:45 | AlenForce · first_building Barracks |
| 10:31 | Banana Latte · first_building Dock |
| 10:36 | AlenForce · wall_segment Palisade Wall x1 |
| 10:37 | AlenForce · wall_segment Palisade Wall x1 |
| 10:40 | AlenForce · wall_segment Palisade Wall x1 |
| 11:10 | AlenForce · wall_segment Palisade Wall x1 |
| 12:56 | Banana Latte · age_up feudal |
| 13:01 | Banana Latte · first_building Archery Range |
| 15:05 | AlenForce · age_up feudal |
| 15:48 | AlenForce · wall_segment Palisade Wall x1 |
| 16:48 | Banana Latte · wall_segment Palisade Wall x4 |
| 18:21 | AlenForce · wall_segment Palisade Wall x1 |
| 18:52 | AlenForce · wall_segment Stone Wall x3 |
| 19:18 | AlenForce · wall_segment Stone Wall x5 |
| 20:05 | AlenForce · wall_segment Stone Wall x2 |
| 20:52 | AlenForce · wall_segment Stone Wall x1 |
| 22:11 | AlenForce · wall_segment Stone Wall x1 |
| 22:33 | AlenForce · wall_segment Stone Wall x1 |
| 22:38 | AlenForce · wall_segment Stone Wall x1 |
| 23:18 | Banana Latte · wall_segment Stone Wall x7 |
| 23:54 | AlenForce · first_market_buy 100 food |
| 25:14 | Banana Latte · age_up castle |
| 26:03 | Banana Latte · first_building Castle |
| 27:05 | AlenForce · age_up castle |
| 29:05 | AlenForce · first_building Castle |
| 30:53 | AlenForce · first_building Siege Workshop |
| 32:33 | Banana Latte · age_up imperial |
| 33:23 | AlenForce · age_up imperial |
| 35:10 | Banana Latte · first_building Monastery |
| 36:19 | Banana Latte · first_building Stable |
| 36:25 | AlenForce · first_building Stable |
| 37:33 | Banana Latte · first_building Siege Workshop |
| 44:53 | Banana Latte · first_market_sell 100 wood |
| 50:00 | AlenForce · first_building Monastery |
| 56:09 | AlenForce · resign |
[ ANÁLISIS IA · 1 CRÉDITO ]
¿Qué pasó realmente en esta partida?
Wolo.gg analiza cada decisión: build order, eco, micro, errores típicos por bracket. Análisis personalizado por WhatsApp o Discord en 30 segundos.
Guía civ
Etíopes
Perfil
Jugador #554857